 Dungeon Crawl Stone Soup version 0.28.0 (webtiles) character file.

Game seed: 4087199530960565638

59 raph the Cudgeller (level 3, 0/31 HPs)
             Began as a Minotaur Fighter on Feb 8, 2022.
             Slain by a sky beast (5 damage)
             ... on level 3 of the Dungeon.
             The game lasted 00:01:22 (1073 turns).

raph the Cudgeller (Minotaur Fighter)               Turns: 1073, Time: 00:01:23

Health: 0/31       AC:  6    Str: 20    XL:     3   Next: 78%
Magic:  2/2        EV:  9    Int:  5    God:
Gold:   77         SH:  4    Dex: 11    Spells: 2/2 levels left

rFire   . . .      SeeInvis .   a - +0 flail
rCold   . . .      Faith    .   c - +0 buckler
rNeg    . . .      Spirit   .   b - +0 scale mail
rPois   .          Reflect  .   (helmet restricted)
rElec   .          Harm     .   (no cloak)
rCorr   .          Rampage  .   (no gloves)
Will    .....                   (no boots)
Stlth   ..........              (no amulet)
HPRegen 0.10/turn               (no ring)
MPRegen 0.08/turn               (no ring)

@: no status effects
A: horns 2, retaliatory headbutt
a: no special abilities


You were on level 3 of the Dungeon.
You visited 1 branch of the dungeon, and saw 3 of its levels.

You collected 77 gold pieces.

Inventory:

Hand Weapons
 a - a +0 flail (weapon)
Armour
 b - a +0 scale mail (worn)
 c - a +0 buckler (worn)
Scrolls
 e - a scroll of fog {unknown}
 f - a scroll of teleportation {unknown}
 h - a scroll of noise {unknown}
 j - a scroll of vulnerability {unknown}
 k - 2 scrolls of identify {unknown}
Potions
 d - a potion of might
 g - 2 potions of curing {unknown}
 i - a potion of invisibility {unknown}


   Skills:
 - Level 3.6 Fighting
 + Level 5.1 Maces & Flails
 - Level 3.6 Armour
 - Level 3.6 Shields


You had 2 spell levels left.
You didn't know any spells.
Your spell library was empty.

Dungeon Overview and Level Annotations

Branches:
Dungeon (3/15)

Altars:


Innate Abilities, Weirdness & Mutations

You have a pair of horns on your head.
You reflexively headbutt those who attack you in melee.


Message History

You now have 77 gold pieces (gained 10).
A kobold comes into view. It is wielding a +0 dagger.
The kobold shouts!
The kobold moves out of view.
A kobold is nearby!
A sky beast comes into view.
Found a faded altar of an unknown god.
You sock the kobold!
You kill the kobold!
The sky beast flickers out of sight!
Deactivating autopickup; reactivate with Ctrl-A.
No target in view!
No target in view!
No target in view!
No target in view!
No target in view!
No target in view!
No target in view!
No target in view!
A sky beast appears from thin air!
Reactivating autopickup.
The sky beast barely misses you. You furiously retaliate!
You headbutt the sky beast, but do no damage.
You hit the sky beast but do no damage.
The sky beast hits you but does no damage.
You hit the sky beast but do no damage. You headbutt the sky beast.
The sky beast is lightly wounded.
The sky beast flickers out of sight!
Deactivating autopickup; reactivate with Ctrl-A.
Something hits you. Something shocks you.
You miss something. Something hits you. Something shocks you.
You barely miss something. Something hits you but does no damage.
You miss something. Your headbutt misses something.
Something hits you but does no damage. Something hits you.
Something shocks you.
* * * LOW HITPOINT WARNING * * *
You closely miss something. Something hits you.
* * * LOW HITPOINT WARNING * * *
Something shocks you.
You die...

#.##.##.####
#.#..#....<#
##...##.....#
#..####.....#
##..##
#.....#
#....#
#..####
#.##.# #.##
#.( #.###{#
#.# #...@.#
.. #...).#
.## #.....#
.. ##..##...
.... ....#
.........._
#..........#
######.....#
##


There were no monsters in sight!

Vanquished Creatures
  2 adders (D:2)
  A worm (D:2)
  A dart slug (D:1)
  7 bats
  2 endoplasms
  A giant cockroach (D:1)
  2 goblins (D:2)
  2 hobgoblins (D:1)
  6 jackals (D:1)
  A quokka (D:2)
  3 ball pythons
  3 frilled lizards
  4 kobolds
  3 rats (D:2)
38 creatures vanquished.

Vanquished Creatures (others)
  A plant (D:1)
1 creature vanquished.

Grand Total: 39 creatures vanquished

Notes
Turn   | Place    | Note
-------+----------+-------------------------------------------
     0 | D:1      | raph the Minotaur Fighter began the quest for the Orb.
     0 | D:1      | Reached XP level 1. HP: 19/19 MP: 0/0
    90 | D:1      | Reached skill level 3 in Maces & Flails
    93 | D:1      | Reached XP level 2. HP: 19/26 MP: 1/1
   413 | D:1      | Reached skill level 4 in Maces & Flails
   417 | D:1      | You fall into a shaft and drop 1 floor!
   424 | D:2      | Reached XP level 3. HP: 26/31 MP: 2/2
   717 | D:2      | Reached skill level 5 in Maces & Flails
  1065 | D:3      | Found a faded altar of an unknown god.
  1065 | D:3      | Noticed a sky beast
  1073 | D:3      | Slain by a sky beast

Illustrated notes

Levels and vault maps discovered:
D:1:      saegor_arrival_simple_d, layout_loops_ring, serial_bayou,
          serial_bayou_pond_b, serial_bayou_ford_a, serial_bayou_shore_a,
          serial_bayou_pond_e
D:2:      layout_rooms, grunt_decor_clamped
D:3:      minmay_wonky_spiral, layout_rooms, mainiacjoe_overflow_brackets,
          shapermc_ecumenical_altar_mp_highgroup, uniq_jessica, uniq_terence

Skill      XL: |  1  2  3 |
---------------+----------+-----
Maces & Flails | 3 4 5 |  5.1
Fighting       | |  3.6
Armour         | |  3.6
Shields        | |  3.6

Action                   || total
-------------------------++-------
Melee: Flail             ||    96
       Headbutt          ||    10
Armor: Scale mail        ||    44
Dodge: Dodged            ||    44
Block: Buckler           ||    21
